 Dungeon Crawl Stone Soup version 0.31-a0-149-g3fdcc5976a (webtiles) character file.

Game seed: 13187358645673053132

4 comborobin the Sneak (level 1, -2/13 HPs)
             Began as a Deep Elf Delver on June 7, 2023.
             Slain by Ijyb
             ... wielding a +0 dagger
              (5 damage)
             ... on level 3 of the Dungeon.
             The game lasted 00:00:50 (146 turns).

comborobin the Sneak (Deep Elf Delver)               Turns: 146, Time: 00:00:51

Health: -2/13      AC:  4    Str:  9    XL:     1   Next: 58%
Magic:  3/3        EV: 12    Int: 14    God:
Gold:   0          SH:  0    Dex: 16    Spells: 0/0 levels left

rFire   . . .        a - +0 short sword
rCold   . . .        (no shield)
rNeg    + . .        e - +2 robe {rN+}
rPois   .            (no helmet)
rElec   .            (no cloak)
rCorr   .            (no gloves)
SInv    .            (no boots)
Will    +....        (no amulet)
Stlth   +++          (no ring)
HPRegen 0.22/turn    (no ring)
MPRegen 0.08/turn

%: no passive effects
@: enlightened, flying
A: no striking features
a: no special abilities


You were on level 3 of the Dungeon.
You visited 1 branch of the dungeon, and saw 4 of its levels.

Inventory:

Hand Weapons
 a - a +0 short sword (weapon)
Armour
 b - a +0 leather armour
 e - a +2 robe of positive energy (worn)
Jewellery
 d - a ring of see invisible
Wands
 g - a wand of digging (3)
Scrolls
 c - a scroll of fog


   Skills:
 + Level 2.5 Fighting
 + Level 2.1 Short Blades
 + Level 2.5 Dodging
 + Level 6.1 Stealth


You couldn't memorise any spells.
You didn't know any spells.
Your spell library was empty.

Dungeon Overview and Level Annotations

Branches:
Dungeon (6/15)             Temple (0/1) D:5

Altars:
Makhleb

Annotations:
D:3 Ijyb
D:4 Dowan


Message History

You feel very buoyant.
You fly up into the air.
The giant cockroach bites you.
You barely miss the giant cockroach. The giant cockroach bites you.
You hit the giant cockroach but do no damage.
The giant cockroach barely misses you.
You hit the giant cockroach.
The giant cockroach is almost dead.
The giant cockroach bites you but does no damage.
You hit the giant cockroach.
You kill the giant cockroach!
You hit Ijyb.
Ijyb is lightly wounded.
Ijyb barely misses you.
You hit Ijyb but do no damage.
Ijyb is lightly wounded.
Ijyb hits you with a +0 dagger.
You hit Ijyb but do no damage.
Ijyb is lightly wounded.
Ijyb hits you with a +0 dagger.
You hit Ijyb.
Ijyb is moderately wounded.
Ijyb hits you with a +0 dagger.
You miss Ijyb.
Ijyb is moderately wounded.
Ijyb hits you with a +0 dagger.
* * * LOW HITPOINT WARNING * * *
You hit Ijyb but do no damage.
Ijyb is moderately wounded.
You closely miss Ijyb.
Ijyb is moderately wounded.
Ijyb closely misses you.
Unknown command.
Unknown command.
You closely miss Ijyb. You punch Ijyb.
Ijyb is moderately wounded.
Ijyb zaps a wand.
You resist with almost no effort.
You hit Ijyb but do no damage.
Ijyb is moderately wounded.
Ijyb hits you with a +0 dagger.
You die...

#...≈≈....
#.
#.!....._. .
#..≈≈....
.########
#..≈..≈.≈
.... ..
#.†).≈≈.≈
...##
#.##........
#...#
#.#......###
#.#.#
#....#####
#@#.####.###
#g#.##...#
#{#.##.###
#.#....#
#.##..##
#...g##
######


You could see Ijyb.

Vanquished Creatures
  A giant cockroach (D:3)
  A goblin (D:3)
  A hobgoblin (D:3)
  A rat (D:3)
4 creatures vanquished.

Notes
Turn   | Place    | Note
-------+----------+-------------------------------------------
     0 | D:5      | comborobin the Deep Elf Delver began the quest for the Orb.
     0 | D:5      | Reached XP level 1. HP: 13/13 MP: 3/3
    26 | D:5      | Noticed an ogre
    36 | D:5      | Noticed a sleepcap
    69 | D:4      | Noticed Dowan
    99 | D:3      | Found a burning altar of Makhleb.
   108 | D:3      | Noticed Ijyb
   112 | D:3      | Noticed an orc wizard
   112 | D:3      | Paralysed by Ijyb for 5 turns
   146 | D:3      | Slain by Ijyb

Illustrated notes

Levels and vault maps discovered:
D:3:      layout_basic, nicolae_tso_swordbearing_angel,
          mainiacjoe_overflow_small_starburst, uniq_ijyb
D:4:      layout_rooms, gup_ossuary_entry_pyramid, serial_corexii_hall,
          corexii_hall_statues_deadend, chequers_hall_statues_y, serial_shops,
          shop, lemuel_flame_loot_1, uniq_duvessa
D:5:      layout_basic, yredelemnul_altar_generic, zin_statuary,
          minmay_temple_entry_glassed_door, uniq_eustachio
D:6:      layout_loops_ring, kennysheep_generic_room_14, uniq_grinder,
          uniq_maggie

Action                     || total
---------------------------++-------
  Melee: Short sword       ||    22
         Punch             ||     1
    Use: Scroll            ||     2
         Potion            ||     2
 Armour: Robe              ||     7
  Dodge: Dodged            ||    18

Table legend: (Time is in decaauts)
 A = Elapsed time spent in this place.
 B = Non-inter-level travel time spent in this place.
 C = Inter-level travel time spent in this place.
 D = Time resting spent in this place.
 E = Time spent auto-exploring this place.
 F = Levels seen in this place.
 G = Mean time per level.
                   A        B        C        D        E       F      G
               +--------+--------+--------+--------+--------+-----+--------+
         Total |    123 |    123 |      0 |      0 |     10 |   4 |   30.8 |
       Dungeon |    123 |    123 |      0 |      0 |     10 |   4 |   30.8 |
               +--------+--------+--------+--------+--------+-----+--------+

Top non-repeatable levels by time:
     D:3: 68 daAuts
     D:5: 46 daAuts
     D:4: 7 daAuts
     D:6: 1 daAuts
